Match 45283402
Unlisted

Match 45283402
End
Panzergrenadier Squad
250 Light Carrier
Panzergrenadier Squad
Construct Light Support Kompanie
MG34 Team
Construct Mechanized Kompanie
8 Rad Armored Car
Panzerjäger Mechanized Group
254 Reconnaissance Tractor
2.5-tonne Medical Truck
Construct Panzerarmee Kommand
Selects Armored Support Battlegroup
Selects Superior Fire Drills
Selects Salvage Kits
Selects Panzer Storm
Panzer III L Medium Tank
Veteran Squad Leaders
Vehicle Survival Package
Panzer III L Medium Tank
Selects Stuka Dive Bomb
Stuka Dive Bomb
Panzer III L Medium Tank
Walking Stuka Rocket Launcher
Rapid Advance
Panzer III L Medium Tank
Selects Flammpanzer III Medium Tank
Selects Command Panzer IV F Medium Tank
Panzer III L Medium Tank
Tungsten Core Ammunition
Panzer III L Medium Tank
Panzer III L Medium Tank
2.5-tonne Medical Truck
Anevan
4leches
I Wumbo, You Wumbo
TEA OR STH STRONGER
brn4meplz
Jodomar
Lionel23
Dark Lord Cthulhu
0
0

Comments sign in to comment!

No comments posted yet!